Map: Rosebud LE

Players

Gami - Winner!

  • Race: Zerg Zerg
  • Spawn Location: 11:00

Shuriken - Winner!

  • Race: Protoss Protoss
  • Spawn Location: 11:00

NjalizrdNoah - Winner!

  • Race: Protoss Protoss
  • Spawn Location: 11:00

aMItYz

  • Race: Terran Terran
  • Spawn Location: 5:00

Shalo

  • Race: Zerg Zerg
  • Spawn Location: 5:00

Sirnachote

  • Race: Protoss Protoss
  • Spawn Location: 5:00

VOD

Have the link to the VOD?

Description

Terran BO

Time

  • Played on: Aug. 17, 2019, 4:01 a.m.
  • Length: 32:21
Show
View Real Time Build Order
Export as new Build Order

Gami Zerg - Winner!

Build Orders: Pool First 

Get SALT Encoding   

  12  0:01  Drone  
  13  0:12  Drone  
  14  0:22  Overlord  
  14  0:36  Spawning Pool  
  14  0:39  Drone  
  14  0:43  Drone  
  14  0:48  Drone  
  16  0:54  Drone, Extractor  
  16  1:00  Drone  
  17  1:12  Drone  
  18  1:25  Queen  
  18  1:27  Overlord  
  20  1:34  Zergling x2  
  21  1:58  Zergling x4  
  23  2:10  Drone  
  24  2:22  Hatchery  
  23  2:24  Drone  
  24  2:32  Roach Warren  
  23  2:41  Drone  
  23  2:42  Drone  
  25  2:45  Queen  
  25  2:46  Extractor  
  26  3:08  Overlord  
  26  3:19  Metabolic Boost  
  26  3:22  Lair  
  26  3:35  Drone x2  
  26  3:36  Drone x2  
  30  3:50  Extractor  
  30  3:55  Roach x2  
  33  3:56  Roach x2  
  37  4:06  Drone x2  
  37  4:07  Overlord  
  39  4:23  Spore Crawler  
  38  4:34  Zergling x2, Spire  
  38  4:35  Zergling x6  
  41  4:40  Drone  
  41  4:42  Drone  
  43  4:51  Spore Crawler  
  42  5:12  Drone x5  
  42  5:13  Drone  
  48  5:22  Overlord  
  48  5:37  Evolution Chamber  
  47  5:58  Overseer  
  47  6:01  Hatchery  
  46  6:13  Drone x5  
  46  6:14  Drone, Extractor  
  51  6:19  Zerg Ground Armor Level 1  
  51  6:21  Zerg Flyer Weapons Level 1  
  51  6:45  Mutalisk x2  
  51  6:46  Mutalisk x2  
  59  7:03  Glial Reconstitution  
  59  7:12  Mutalisk x3  
  59  7:15  Overlord  
  65  7:19  Drone  
  66  7:26  Overseer  
  66  7:30  Overlord  
  66  7:33  Queen  
  68  7:47  Mutalisk x3  
  68  7:50  Mutalisk  
  76  8:08  Mutalisk x3  
  82  8:16  Overlord x2  
  82  9:11  Mutalisk x5  
  82  9:12  Mutalisk x3  
  82  9:15  Overlord x3  
  82  9:16  Overlord  
  94  10:02  Mutalisk x4  
  94  10:03  Mutalisk x4  
  110  10:20  Mutalisk x2  
  114  10:45  Drone x5  
  119  10:55  Zerg Flyer Weapons Level 2, Infestation Pit  
  118  10:58  Roach x3  
  118  10:59  Roach x2  
  128  11:27  Zerg Ground Armor Level 2  
  128  11:30  Drone x2  
  130  11:50  Hatchery  
  111  12:24  Corruptor  
  111  12:27  Overlord x4  
  111  12:28  Overlord x2  
  113  12:30  Overlord x5  
  97  13:13  Roach x6  
  97  13:14  Roach x4  
  117  13:22  Hive  
  117  13:34  Zerg Flyer Armor Level 1  
  117  13:42  Pneumatized Carapace  
  117  13:50  Roach x6  
  117  13:51  Drone x3  
  117  13:52  Drone x3  
  117  13:53  Drone x4  
  117  13:54  Drone x3  
  117  13:55  Drone x2  
  144  14:10  Zerg Missile Weapons Level 1  
  144  14:27  Queen  
  144  14:29  Roach  
  144  14:30  Roach x4  
  144  14:31  Extractor, Roach x2  
  159  14:34  Extractor  
  158  14:48  Hatchery  
  157  15:18  Mutalisk x4  
  157  15:19  Mutalisk x5  
  175  15:36  Greater Spire  
  175  15:43  Mutalisk x4  
  175  15:44  Mutalisk  
  185  15:52  Mutalisk  
  181  16:28  Corruptor x5  
  191  16:53  Adrenal Glands  
  191  17:06  Extractor  
  191  17:08  Extractor  
  189  17:11  Corruptor x2  
  189  17:12  Corruptor x2  
  189  17:14  Hatchery  
  196  18:14  Zerg Ground Armor Level 3  
  196  18:16  Zerg Flyer Weapons Level 3  
  196  18:40  Hatchery  
  195  18:49  Hatchery  
  194  19:04  Extractor  
  194  19:07  Extractor  
  191  19:10  Mutalisk  
  191  19:11  Mutalisk x3  
  85  20:26  Mutalisk x5  
  85  20:27  Mutalisk x5  
  105  20:36  Mutalisk  
  105  20:37  Corruptor, Mutalisk x4  
  105  20:38  Corruptor x2  
  109  21:00  Corruptor x3  
  113  21:10  Corruptor  
  115  21:14  Roach x2  
  115  21:17  Roach  
  83  21:48  Mutalisk x3  
  83  21:51  Zergling x12  
  83  21:52  Zergling x14  
  83  21:53  Zergling x14  
  83  21:54  Zergling x16  
  113  21:55  Zergling x4  
  112  22:54  Mutalisk x7  
  122  23:33  Extractor  
  121  23:34  Corruptor x5  
  121  23:37  Zergling x12  
  121  23:38  Zergling x14  
  121  23:39  Zergling x12  
  100  24:14  Corruptor  
  100  24:15  Corruptor x4  
  89  24:18  Zergling x10  
  89  24:19  Zergling x14  
  89  24:20  Zergling x14  
  89  24:21  Zergling x2  
  89  24:23  Queen  
  109  24:44  Zerg Missile Weapons Level 2  
  104  24:46  Zerg Flyer Armor Level 2  
  101  24:53  Mutalisk x2  
  101  25:10  Corruptor x2  
  86  25:14  Zergling x2  
  86  25:15  Zergling x14  
  77  25:34  Zergling x4  
  77  25:35  Zergling x6  
  63  26:00  Corruptor x6  
  62  26:40  Corruptor  
  62  26:41  Mutalisk x4  
  72  26:49  Zergling x12  
  72  26:50  Zergling x6  
  81  27:01  Mutalisk x2  
  85  27:11  Mutalisk  
  87  27:29  Drone x3  
  90  27:34  Hydralisk Den  
  83  28:24  Corruptor x2, Hydralisk x2  
  83  28:25  Hydralisk x5  
  82  28:37  Hydralisk x5  
  82  28:38  Hydralisk  
  88  29:01  Hydralisk x5  
  98  29:13  Drone x3, Extractor  
  98  29:14  Drone x4  
  96  29:55  Hydralisk x4  
  96  29:56  Hydralisk x5  
  108  30:07  Mutalisk x2  
  78  31:15  Hatchery, Extractor  
  76  31:19  Extractor  
  76  31:21  Hatchery  
  74  31:32  Brood Lord  
  76  31:33  Brood Lord  
  72  32:01  Drone  
  72  32:02  Drone x6  
  72  32:03  Drone x3  
  72  32:04  Drone x2  
Show
View Real Time Build Order
Export as new Build Order

Shuriken Protoss - Winner!

Build Orders:  

Get SALT Encoding   

  1  0:00  Probe  
  13  0:14  Pylon  
  13  0:20  Probe  
  14  0:29  Pylon  
  14  0:51  Gateway  
  14  0:52  Probe  
  15  0:57  Assimilator  
  15  1:00  Probe  
  15  1:08  Probe  
  16  1:17  Forge  
  17  1:44  Cybernetics Core  
  17  1:50  Zealot  
  19  1:57  Photon Cannon  
  19  2:05  Photon Cannon  
  19  2:07  Warp Gate  
  19  2:15  Photon Cannon  
  19  2:17  Probe  
  20  2:52  Twilight Council  
  20  3:01  Assimilator, Probe  
  21  3:13  Nexus, Probe  
  22  3:21  Charge  
  22  3:25  Pylon  
  22  3:37  Probe  
  23  3:49  Probe  
  23  3:54  Protoss Air Weapons Level 1  
  24  4:01  Photon Cannon  
  24  4:15  Gateway, Probe  
  25  4:34  Robotics Facility  
  25  4:37  Probe  
  26  4:42  Zealot  
  28  4:46  Probe  
  28  4:49  Probe  
  30  4:54  Probe  
  31  5:06  Pylon  
  31  5:08  Pylon  
  31  5:15  Observer  
  31  5:17  Probe  
  32  5:26  Protoss Ground Weapons Level 1  
  33  5:29  Probe  
  33  5:33  Observer, Stalker x2  
  39  5:48  Observer  
  40  6:06  Observer  
  41  6:12  Probe  
  41  6:15  Assimilator  
  42  6:18  Stalker  
  42  6:19  Stalker  
  42  6:24  Probe  
  42  6:25  Probe  
  47  6:27  Immortal  
  52  6:51  Probe  
  53  7:02  Probe  
  54  7:09  Shield Battery  
  54  7:10  Probe  
  55  7:18  Probe  
  56  7:34  Probe  
  56  7:42  Probe  
  57  7:46  Templar Archives  
  58  7:51  Stargate  
  58  7:52  Stargate  
  58  7:54  Stargate  
  58  8:04  Assimilator  
  58  8:10  Nexus  
  58  8:14  Assimilator  
  58  8:16  Assimilator  
  58  8:25  Pylon  
  58  8:34  Blink  
  58  8:37  Probe  
  59  8:46  Protoss Ground Weapons Level 2  
  59  8:49  Probe  
  60  9:00  Protoss Air Armor Level 1  
  60  9:06  Fleet Beacon  
  60  9:10  Probe  
  61  9:18  Probe  
  61  9:20  Psionic Storm  
  62  9:48  Stalker x2  
  66  10:14  Stalker x2  
  70  10:26  Gateway x2  
  70  10:28  Gateway  
  70  10:36  Pylon  
  70  10:40  Photon Cannon  
  70  10:41  Photon Cannon  
  70  10:43  Photon Cannon  
  70  10:45  Photon Cannon  
  70  10:57  Robotics Bay  
  70  11:05  Protoss Shields Level 1  
  70  11:06  Pylon  
  70  11:07  Pylon  
  70  11:31  Zealot x4  
  70  11:32  Zealot  
  65  12:29  Assimilator  
  65  12:39  Stalker x2  
  65  12:40  Stalker x3  
  75  12:52  Carrier x3  
  93  13:00  Colossus  
  93  13:04  Protoss Air Weapons Level 2  
  99  13:17  Probe  
  99  13:19  Probe  
  100  13:25  Probe  
  101  13:27  Probe  
  101  13:34  Probe  
  103  13:36  Probe  
  103  13:37  Pylon  
  105  13:44  Pylon, Probe  
  105  13:46  Probe  
  106  13:52  Probe  
  106  13:54  Colossus  
  114  14:04  High Templar x4  
  114  14:05  High Templar  
  124  14:42  Carrier  
  130  14:49  Pylon  
  130  14:50  Pylon  
  130  15:07  Carrier  
  130  15:13  Protoss Ground Weapons Level 3  
  136  15:25  Probe  
  136  15:33  Probe  
  137  15:38  Protoss Air Weapons Level 3  
  138  15:44  Colossus  
  144  15:52  Stalker  
  144  15:53  Stalker  
  148  16:01  Pylon  
  148  16:02  Pylon  
  148  16:05  Pylon  
  148  16:17  Forge x2  
  148  16:33  Stalker x4  
  148  16:38  Colossus  
  162  16:59  Protoss Shields Level 2, Protoss Ground Armor Level 1  
  162  17:36  Nexus  
  162  17:38  Assimilator  
  162  17:42  Assimilator  
  162  18:02  High Templar x3  
  162  18:03  High Templar x2  
  172  18:28  Protoss Air Armor Level 2  
  172  19:01  Probe  
  173  19:13  Probe  
  170  19:43  Stalker x2  
  170  19:44  Stalker x3  
  159  20:22  Stalker x4, Probe  
  159  20:23  Stalker  
  170  20:30  Probe  
  171  20:38  Protoss Ground Armor Level 2, Probe  
  171  20:39  Protoss Shields Level 3  
  172  20:46  Probe  
  172  20:54  Probe  
  173  21:01  Carrier x2  
  186  21:05  Protoss Air Armor Level 3  
  186  21:06  Probe  
  186  21:08  Pylon  
  186  21:09  Pylon  
  187  21:26  Carrier  
  168  23:35  Protoss Ground Armor Level 3  
  168  23:43  Tempest x2  
  168  23:44  Tempest  
  183  24:17  High Templar x2  
  183  24:18  High Templar x3  
  193  24:26  Carrier  
  199  25:11  Nexus  
  199  25:15  Assimilator  
  199  25:16  Assimilator  
  189  27:23  Stalker  
  189  27:24  Stalker x4  
  176  29:00  Stalker x2  
  176  29:01  Stalker x2  
  151  31:00  Zealot x2  
  151  31:01  Zealot x2  
Show
View Real Time Build Order
Export as new Build Order

NjalizrdNoah Protoss - Winner!

Build Orders:  

Get SALT Encoding   

  12  2:03  Pylon  
  12  2:15  Pylon  
  12  2:39  Gateway  
  12  3:44  Cybernetics Core  
  12  3:47  Zealot  
  14  4:14  Zealot  
  16  4:42  Zealot  
  18  5:01  Assimilator  
  18  5:09  Zealot  
  20  5:36  Zealot  
  22  6:50  Assimilator  
  22  7:06  Stalker  
  24  7:36  Stalker  
  26  8:06  Stalker  
  26  8:08  Robotics Facility  
  28  9:32  Robotics Bay  
  28  10:08  Pylon  
  28  10:15  Pylon  
  28  10:31  Robotics Facility  
  28  10:45  Robotics Facility  
  28  10:53  Colossus  
  34  11:29  Immortal  
  38  11:47  Colossus  
  44  12:41  Warp Prism  
  46  14:56  Pylon  
  46  15:14  Colossus  
  44  16:07  Disruptor  
  35  16:43  Immortal  
  39  17:04  Disruptor  
  42  17:23  Immortal  
  46  17:40  Immortal  
  50  18:00  Immortal  
  54  19:25  Stargate  
  54  19:37  Twilight Council  
  54  19:49  Pylon  
  54  19:59  Pylon  
  54  20:07  Immortal  
  58  20:31  Colossus  
  64  20:46  Immortal  
  68  22:26  Pylon  
  68  22:34  Pylon  
  68  22:44  Colossus, Immortal  
  78  23:14  Fleet Beacon  
  78  25:42  Dark Shrine  
  77  27:24  Templar Archives  
  77  28:04  Phoenix  
  79  28:29  Phoenix  
Show
View Real Time Build Order
Export as new Build Order

aMItYz Terran 

Build Orders:  

Get SALT Encoding   

  12  0:02  SCV  
  14  0:14  SCV  
  14  0:27  Supply Depot  
  14  0:31  SCV  
  14  0:34  Refinery  
  15  0:39  Refinery  
  15  0:48  SCV  
  16  0:56  Supply Depot  
  16  1:00  SCV  
  17  1:13  SCV  
  18  1:25  SCV, Supply Depot  
  19  1:37  SCV  
  20  1:49  SCV  
  20  1:51  Barracks  
  22  2:01  SCV  
  22  2:13  SCV  
  23  2:25  SCV  
  23  2:28  Engineering Bay  
  24  2:37  SCV  
  24  2:39  Barracks  
  24  2:40  Barracks Reactor  
  25  3:00  Engineering Bay, Terran Infantry Weapons Level 1  
  25  3:27  Factory  
  25  3:30  Barracks Tech Lab  
  25  3:31  Marine x2  
  27  3:42  Orbital Command  
  27  3:49  Marine x2  
  27  3:54  Supply Depot  
  29  4:01  Terran Infantry Armor Level 1  
  29  4:07  Marine x2  
  31  4:13  Combat Shield  
  31  4:15  Marine  
  32  4:17  Supply Depot  
  32  4:25  Marine x2  
  32  4:30  Factory Tech Lab  
  34  4:33  Marine  
  35  4:49  Starport  
  35  4:50  Siege Tank  
  35  4:51  Marine  
  39  5:08  Marine  
  40  5:22  Siege Tank  
  40  5:25  Command Center  
  40  5:26  Marine  
  44  5:43  Supply Depot  
  44  5:58  Starport Tech Lab  
  44  6:03  Starport  
  44  6:06  Supply Depot  
  44  6:29  Armory  
  44  6:39  Starport  
  44  6:51  Starport Tech Lab  
  44  6:57  SCV  
  45  7:02  Refinery  
  45  7:09  SCV  
  46  7:21  SCV  
  47  7:28  Refinery  
  47  7:33  SCV  
  48  7:46  SCV  
  49  7:58  SCV  
  50  8:02  Starport Tech Lab  
  50  8:10  SCV  
  50  8:11  Fusion Core  
  50  8:12  Terran Ship Weapons Level 1  
  51  8:22  SCV  
  52  8:34  SCV  
  53  8:46  SCV, Viking  
  53  8:47  Viking  
  58  8:51  Viking  
  60  8:58  SCV  
  60  9:02  Armory, Weapon Refit  
  61  9:10  SCV  
  62  9:17  Battlecruiser  
  62  9:18  Battlecruiser  
  62  9:22  Battlecruiser  
  65  10:07  Terran Vehicle Weapons Level 1  
  65  10:14  Terran Vehicle And Ship Armor Level 1  
  65  10:21  Battlecruiser  
  65  10:23  Battlecruiser  
  77  11:11  Battlecruiser  
  83  11:23  Orbital Command  
  83  12:01  Terran Ship Weapons Level 2  
  71  12:15  Battlecruiser  
  71  12:18  Battlecruiser  
  65  14:54  Battlecruiser  
  65  14:57  Battlecruiser  
  83  15:00  Battlecruiser  
  83  15:06  Terran Vehicle Weapons Level 2  
  83  15:55  Orbital Command  
  83  16:04  Command Center  
  83  16:26  Refinery  
  83  16:31  Refinery  
  83  17:16  Battlecruiser x3  
  101  19:07  Supply Depot  
  101  19:15  Terran Ship Weapons Level 3  
  101  19:17  Terran Vehicle Weapons Level 3  
  101  19:28  SCV, Battlecruiser  
  101  19:30  Supply Depot  
  108  19:40  SCV  
  109  19:52  Battlecruiser  
  115  19:53  SCV  
  116  20:00  Supply Depot  
  116  20:05  SCV  
  117  20:22  SCV, Supply Depot, Battlecruiser  
  120  20:40  SCV  
  121  20:44  Battlecruiser  
  127  20:52  SCV  
  122  21:04  SCV  
  123  21:16  SCV  
  124  21:26  Battlecruiser  
  124  21:28  SCV  
  65  22:40  Battlecruiser  
  65  22:42  Battlecruiser  
  65  22:43  Battlecruiser  
  83  22:46  Terran Vehicle And Ship Armor Level 2  
  51  23:55  Command Center  
  51  24:52  Battlecruiser  
  57  24:53  Battlecruiser  
  63  25:00  Command Center  
  63  26:21  SCV, Refinery  
  64  26:33  SCV  
  65  26:45  SCV  
  66  26:57  SCV  
  66  26:58  Refinery  
  67  27:09  SCV  
  68  27:21  SCV  
  69  27:33  SCV  
  70  27:45  SCV  
  71  27:57  SCV  
  29  30:35  SCV  
Show
View Real Time Build Order
Export as new Build Order

Shalo Zerg 

Build Orders: Pool First 

Get SALT Encoding   

  12  0:02  Drone  
  13  0:08  Drone  
  14  0:21  Extractor  
  13  0:24  Extractor  
  13  0:25  Drone x2  
  16  0:47  Spawning Pool, Overlord  
  15  1:21  Drone x2  
  15  1:23  Drone  
  18  1:25  Hatchery  
  18  1:27  Extractor  
  18  1:31  Extractor  
  15  1:41  Queen  
  15  1:45  Zergling x2  
  15  1:46  Zergling x2  
  19  1:56  Drone  
  20  2:10  Drone  
  21  2:30  Drone  
  21  2:32  Overlord  
  22  2:42  Drone  
  23  2:51  Drone x2  
  24  2:54  Drone x2  
  24  2:55  Drone  
  28  3:03  Lair  
  28  3:09  Drone  
  28  3:10  Drone x2  
  31  3:20  Evolution Chamber  
  30  3:31  Extractor  
  30  3:33  Drone x2, Extractor  
  30  3:50  Queen  
  30  3:51  Drone  
  33  4:16  Hydralisk Den  
  32  4:19  Drone x2  
  32  4:22  Pneumatized Carapace  
  34  4:50  Hydralisk  
  36  4:54  Overlord x2  
  36  4:55  Overlord  
  36  5:02  Hatchery  
  36  5:06  Burrow, Hatchery  
  34  5:07  Drone x2  
  36  5:18  Drone  
  36  5:19  Drone x3  
  40  5:46  Hydralisk x3, Infestation Pit  
  40  5:48  Nydus Network  
  44  5:59  Drone x6  
  50  6:12  Hatchery  
  49  6:20  Extractor  
  49  6:25  Extractor  
  47  6:48  Hydralisk x3  
  47  6:49  Hydralisk x7  
  67  6:56  Overlord  
  67  7:01  Overlord x2  
  67  7:05  Overlord  
  67  7:34  Zerg Missile Weapons Level 1  
  67  8:13  Muscular Augments  
  66  8:43  Hydralisk x6  
  66  8:44  Hydralisk x3  
  84  8:58  Drone x3  
  84  9:02  Drone x2  
  89  9:03  Drone x2  
  89  9:08  Drone x3  
  94  9:12  Overlord x4  
  94  9:13  Overlord  
  94  9:25  Grooved Spines  
  94  9:28  Zerg Ground Armor Level 1, Spore Crawler  
  93  9:37  Spore Crawler x2  
  91  9:49  Spore Crawler, Spine Crawler  
  91  9:50  Spore Crawler  
  91  9:51  Spine Crawler  
  85  9:53  Spore Crawler  
  85  9:54  Spore Crawler  
  80  10:48  Hydralisk  
  80  10:49  Hydralisk x8  
  92  10:55  Drone x3  
  101  10:59  Overlord x3  
  101  11:17  Lair  
  101  11:22  Hive  
  101  11:41  Drone x3  
  101  11:45  Drone  
  101  11:46  Drone x2  
  107  11:51  Zerg Missile Weapons Level 2  
  107  11:55  Drone x3  
  110  12:15  Spore Crawler  
  109  12:19  Spore Crawler  
  109  12:20  Spore Crawler  
  109  12:22  Spine Crawler  
  106  12:35  Spore Crawler  
  105  12:38  Hydralisk x9  
  105  12:40  Spore Crawler  
  116  12:56  Queen  
  117  12:58  Drone  
  117  12:59  Drone x2  
  120  13:10  Drone  
  120  13:11  Drone x2  
  123  13:15  Drone  
  124  13:21  Hydralisk x6  
  136  13:36  Spore Crawler  
  136  13:38  Spore Crawler  
  134  13:43  Spore Crawler  
  133  14:03  Overlord x3  
  133  14:07  Zerg Ground Armor Level 2  
  133  14:14  Roach Warren  
  132  14:22  Spore Crawler, Ultralisk Cavern  
  130  14:26  Overlord  
  130  14:51  Hydralisk  
  130  14:52  Hydralisk x8  
  148  15:56  Hydralisk x12  
  172  16:23  Zerg Missile Weapons Level 3  
  172  17:42  Hatchery  
  171  17:48  Extractor  
  170  18:09  Hydralisk  
  170  18:10  Hydralisk x8  
  188  18:38  Extractor  
  187  19:00  Zerg Ground Armor Level 3  
  176  19:23  Hydralisk  
  176  19:24  Hydralisk x11  
  48  20:23  Queen  
  48  20:31  Hydralisk x11  
  70  21:00  Drone  
  70  21:02  Hydralisk x3  
  77  21:15  Drone x3  
  80  21:37  Zerg Melee Weapons Level 1  
  76  22:04  Hydralisk x3  
  76  22:05  Hydralisk x6  
  94  22:35  Queen  
  94  23:16  Hydralisk  
  94  23:17  Hydralisk x4  
  104  23:34  Hydralisk x35  
  100  24:45  Hydralisk  
  100  24:46  Hydralisk x7  
  116  25:03  Queen  
  118  25:39  Hydralisk x35  
  118  25:40  Hatchery  
  117  25:59  Extractor  
  116  26:24  Hydralisk x17  
  46  27:02  Drone x3  
  49  27:14  Drone x2  
  51  27:31  Spire  
  51  27:34  Spire  
  49  27:39  Drone x2  
  49  27:40  Drone  
  52  27:48  Spore Crawler  
  52  27:50  Spore Crawler  
  50  27:52  Spore Crawler  
  49  27:59  Spore Crawler x2  
  49  28:00  Spore Crawler  
  49  28:01  Spore Crawler  
  45  28:48  Greater Spire  
  45  28:51  Mutalisk  
  45  28:52  Mutalisk x5  
  57  28:58  Drone  
  57  28:59  Drone x2  
  60  29:18  Drone  
Show
View Real Time Build Order
Export as new Build Order

Sirnachote Protoss 

Build Orders: Nexus First 

Get SALT Encoding   

  12  0:02  Probe  
  13  0:15  Probe  
  14  0:27  Pylon  
  14  1:00  Nexus  
  14  1:05  Probe  
  15  1:17  Probe  
  16  1:27  Pylon  
  16  1:36  Pylon  
  16  1:40  Probe  
  17  1:52  Probe  
  17  1:53  Gateway  
  18  1:56  Gateway  
  18  2:11  Pylon  
  18  2:24  Forge  
  18  2:32  Assimilator  
  18  2:35  Probe  
  19  2:47  Assimilator, Probe  
  20  2:52  Probe  
  21  3:04  Probe  
  22  3:16  Probe  
  23  3:28  Probe  
  23  3:29  Probe  
  25  3:40  Probe  
  26  3:41  Probe  
  26  3:42  Cybernetics Core  
  27  3:55  Assimilator  
  27  4:01  Assimilator  
  27  4:02  Probe  
  28  4:10  Pylon  
  28  4:11  Pylon  
  28  4:14  Probe  
  28  4:15  Pylon  
  29  4:24  Pylon  
  29  4:28  Pylon  
  29  4:37  Pylon  
  29  4:39  Pylon  
  29  4:42  Probe  
  30  4:54  Probe  
  31  5:04  Pylon  
  31  5:08  Pylon  
  31  5:17  Twilight Council  
  31  5:25  Probe  
  32  5:31  Photon Cannon  
  32  5:37  Photon Cannon, Probe  
  33  5:43  Photon Cannon  
  33  5:47  Photon Cannon  
  33  5:56  Photon Cannon  
  33  6:02  Photon Cannon  
  33  6:04  Probe  
  34  6:16  Probe  
  35  6:22  Stargate  
  35  6:24  Stargate  
  35  6:41  Stargate  
  35  6:44  Stargate  
  35  6:53  Stargate  
  35  6:59  Probe  
  36  7:06  Void Ray  
  40  7:11  Probe  
  41  7:26  Pylon  
  41  7:35  Photon Cannon  
  41  7:37  Photon Cannon  
  41  7:45  Pylon  
  41  7:51  Probe  
  42  8:03  Probe  
  43  8:11  Photon Cannon  
  43  8:23  Photon Cannon  
  43  8:24  Photon Cannon  
  43  8:43  Nexus  
  43  8:53  Assimilator  
  43  8:54  Void Ray  
  47  8:56  Void Ray  
  47  8:57  Void Ray  
  54  9:03  Void Ray  
  58  9:32  Sentry  
  58  9:37  Void Ray  
  58  9:38  Sentry  
  66  9:39  Void Ray  
  66  9:40  Void Ray  
  74  9:46  Void Ray  
  78  9:56  Void Ray  
  78  9:58  Sentry  
  84  10:17  Protoss Ground Weapons Level 1  
  84  10:21  Void Ray  
  84  10:23  Void Ray  
  84  10:24  Warp Gate  
  92  10:29  Void Ray  
  96  11:05  Void Ray  
  96  11:09  Void Ray  
  104  11:34  Nexus  
  104  11:40  Pylon  
  104  11:44  Pylon  
  104  11:49  Pylon  
  104  11:51  Assimilator  
  104  11:57  Assimilator  
  104  12:04  Pylon  
  104  12:13  Pylon  
  104  12:18  Protoss Air Weapons Level 1  
  104  12:22  Photon Cannon  
  104  12:24  Photon Cannon  
  104  12:26  Protoss Ground Armor Level 1  
  104  12:32  Photon Cannon  
  104  12:33  Photon Cannon  
  104  12:40  Photon Cannon  
  104  12:44  Photon Cannon  
  104  12:45  Photon Cannon  
  104  12:51  Pylon  
  104  13:00  Photon Cannon  
  104  13:02  Photon Cannon  
  104  13:06  Pylon  
  104  13:10  Probe  
  105  13:21  Void Ray  
  105  13:22  Probe  
  110  13:35  Probe  
  110  13:41  Void Ray  
  111  13:43  Void Ray  
  111  13:47  Probe  
  120  14:03  Void Ray  
  120  14:08  Void Ray  
  128  14:10  Void Ray  
  132  14:24  Pylon  
  132  14:27  Protoss Air Armor Level 1  
  132  14:30  Probe  
  133  14:42  Probe  
  134  14:51  Fleet Beacon  
  134  14:55  Templar Archives  
  134  15:00  Photon Cannon  
  134  15:08  Probe  
  134  15:14  Void Ray  
  135  15:20  Probe  
  140  15:40  Photon Cannon  
  140  15:44  Pylon  
  140  15:52  Pylon  
  140  15:53  Pylon  
  140  15:57  Void Ray  
  144  16:06  Charge  
  144  16:09  Psionic Storm  
  144  16:10  Anion Pulse-Crystals  
  144  16:17  Sentry  
  146  16:20  Sentry  
  148  16:25  Void Ray  
  152  16:34  Void Ray  
  152  16:38  Protoss Air Weapons Level 2  
  152  16:39  Void Ray  
  160  17:03  Nexus  
  160  17:08  Pylon, Void Ray  
  160  17:13  Pylon  
  164  17:19  Pylon  
  164  17:32  Pylon  
  164  17:40  Photon Cannon  
  164  17:43  Photon Cannon  
  164  17:47  Blink  
  164  17:49  Photon Cannon  
  164  17:55  Pylon  
  164  18:03  Photon Cannon  
  164  18:06  Photon Cannon  
  164  18:10  Photon Cannon  
  164  18:13  Photon Cannon  
  164  18:16  Photon Cannon  
  164  18:19  Pylon  
  164  18:34  Photon Cannon  
  164  18:38  Photon Cannon  
  164  18:43  Photon Cannon  
  164  18:45  Photon Cannon  
  164  18:52  Pylon  
  164  19:28  Assimilator  
  164  19:31  Assimilator  
  164  19:39  Pylon  
  164  19:45  Pylon  
  164  19:48  Resonating Glaives  
  164  19:52  Photon Cannon  
  164  19:54  Photon Cannon  
  164  19:58  Photon Cannon  
  164  20:00  Photon Cannon  
  164  20:02  Photon Cannon  
  164  20:08  Pylon  
  164  20:15  Pylon  
  164  20:23  Photon Cannon  
  164  20:45  Void Ray  
  164  20:47  Void Ray  
  164  20:49  Void Ray  
  176  21:13  Protoss Air Weapons Level 3  
  176  21:28  Void Ray  
  176  21:29  Void Ray  
  176  21:31  Void Ray  
  188  22:38  Void Ray  
  188  22:40  Void Ray  
  188  22:42  Void Ray  
  199  24:08  Protoss Air Armor Level 2  
  164  25:50  Probe  
  165  26:02  Probe  
  166  26:14  Probe  
  167  26:19  Pylon  
  167  26:25  Nexus  
  167  26:26  Probe  
  168  26:33  Nexus  
  168  26:38  Probe  
  169  26:41  Pylon  
  169  26:44  Pylon  
  169  26:56  Probe  
  170  27:08  Probe  
  171  27:20  Probe  
  172  27:30  Pylon  
  172  27:40  Assimilator  
  171  27:46  Pylon  
  111  28:28  Void Ray  
  111  28:30  Void Ray  
  111  28:32  Mothership  
  111  28:34  Void Ray  
  116  28:36  Void Ray  
  116  28:37  Void Ray  
  75  29:11  Void Ray  
  75  29:13  Void Ray  
  75  29:16  Void Ray  
  86  29:19  Void Ray  
  86  29:20  Void Ray  
    31:10  Probe  
  1  31:22  Probe  
Tags
 
Add a new tag
Caveats
  • Supply blocks, unpowered buildings, or Contaminate may cause inaccurate times.
  • Supply counts are checked every 10 seconds.